 Dungeon Crawl Stone Soup version 0.18-a0-1045-g4e042de (webtiles) character file.

447 Ijustatesigmund the Cudgeler (level 6, -1/48 HPs)
             Began as a Demonspawn Abyssal Knight on Jan 11, 2016.
             Was a Priest of Lugonu.
             Slain by a killer bee (8 damage)
             ... on level 7 of the Dungeon.
             The game lasted 00:12:25 (3412 turns).

Ijustatesigmund the Cudgeler (DsAK)                 Turns: 3412, Time: 00:12:25

Health: -1/48      AC: 11    Str: 13    XL:     6   Next: 73%
Magic:  9/9        EV:  9    Int: 13    God:    Lugonu [***...]
Gold:   257        SH:  0    Dex: 14    Spells: 1 memorised, 4 levels left

rFire  . . .     SeeInvis .     a - +1 mace
rCold  . . .     Gourm    .     o - +1 ring mail
rNeg   . . .     Faith    .     (no shield)
rPois  .         Spirit   .     (no helmet)
rElec  +         Dismiss  .     g - +1 cloak
rCorr  .         Reflect  .     (no gloves)
SustAt .         Harm     .     (no boots)
MR     .....                    j - amulet of rage
Stlth  +.........               (no ring)
                                (no ring)

@: lethally poisoned (-1 -> -4), very slightly contaminated, hasted, very quick,
not resistant to hostile enchantments, very unstealthy
A: icy blue scales 2, powered by death 1, powered by pain 1, electricity
resistance
a: Depart the Abyss, Bend Space, Banish, Renounce Religion, Evoke Berserk Rage


You were on level 7 of the Dungeon.
You worshipped Lugonu.
Lugonu was most pleased with you.
You were hungry.

You visited 1 branch of the dungeon, and saw 7 of its levels.
You visited the Abyss 1 time.

You collected 257 gold pieces.

Inventory:

Hand Weapons
 a - a +1 mace (weapon)
 b - a cursed +0 flail
Missiles
 t - 2 tomahawks (quivered)
Armour
 g - a +1 cloak (worn)
 o - a +1 ring mail (worn)
Jewellery
 j - an amulet of rage (around neck)
Wands
 r - a wand of flame (26/48)
 y - a wand of slowing (36/48)
Scrolls
 d - a scroll of immolation
 i - 5 scrolls of remove curse
 s - a scroll of recharging
Potions
 h - a potion of haste
 l - 2 potions of cure mutation
 m - a potion of magic {unknown}
 p - a potion of curing
 u - 2 potions of brilliance
 v - a potion of berserk rage {unknown}
 x - 2 potions of flight {unknown}
Books
 q - a book of Beasts

   Spells                             Type                      Level
   a - Summon Butterflies             Summoning                    1
   b - Call Canine Familiar           Summoning                    3
   c - Summon Ice Beast               Ice/Summoning                4
   d - Summon Mana Viper              Hexes/Summoning              5
   e - Summon Hydra                   Summoning                    7
 z - a book of Annihilations

   Spells                             Type                      Level
   a - Poison Arrow                   Conjuration/Poison           6
   b - Chain Lightning                Conjuration/Air              8
   c - Lehudib's Crystal Spear        Conjuration/Earth            8
   d - Glaciate                       Conjuration/Ice              9
   e - Fire Storm                     Conjuration/Fire             9
Comestibles
 c - 5 bread rations
 f - a royal jelly
 k - 3 beef jerkies
 n - 3 slices of pizza
 w - 3 meat rations


   Skills:
 + Level 4.0 Fighting
 + Level 4.9 Maces & Flails
 - Level 1.7 Armour
 - Level 0.8 Dodging
 - Level 2.0 Summonings
 + Level 4.8 Invocations


You had 4 spell levels left.
You knew the following spells:

 Your Spells              Type           Power        Failure   Level  Hunger
a - Summon Butterflies    Summ           #.......     30%         1    ##.....


Dungeon Overview and Level Annotations

Branches:
Dungeon (7/15)
 Temple: D:4-7

Altars:
Ashenzari
Cheibriados
Fedhas
Nemelex Xobeh
Vehumet
Zin

Annotations:
D:5 PinkishYellow's ghost, novice SpEn
D:6 Pikel


Innate Abilities, Weirdness & Mutations

You are mostly covered in icy blue scales (AC +3, EV -1).
You regenerate a little health from kills.
You sometimes gain a little power by taking damage.
You are resistant to electric shocks.


Message History

You are poisoned.
The killer bee poisons you!
The jackal completely misses your butterfly.
You miss the killer bee.
The killer bee is heavily wounded.
You feel sick.
The killer bee stings you but does no damage. x2
The jackal completely misses your butterfly.
You miss the killer bee.
The killer bee is moderately wounded.
The killer bee stings you.
* * * LOW HITPOINT WARNING * * *
The jackal misses your butterfly. The killer bee stings you.
* * * LOW HITPOINT WARNING * * *
You barely miss the killer bee.
The killer bee is moderately wounded.
You feel sick.
The jackal completely misses your butterfly.
The killer bee stings you!
You die...

#..#.#
#.#y.#.###+#####
#.#$.#.#..........
#.#..#.#.....##..#
#.#..#.#.....##..#
#.#..#.#.........#
#h#..#.#.....###.#
#y#...............
#@#....###'#.###.#
#b#........#.#....
#b#...####.#.#.#.#
#h#...##...#.#.#.#
#y#...##.#.#.#.#.#
#.#........#.#.#.#
#.#..#####.#.#.#..
#.#..y...y.#......
#.##.####b.#...#..


You could see 2 killer bees and 2 jackals.

Vanquished Creatures
  A sky beast (D:6)
  A crimson imp (D:6)
  An orc priest (D:4)
  An orc wizard (D:3)
  3 worker ants
  A hound skeleton (D:7)
  9 adders
  An ooze (D:4)
  2 worms
  5 giant geckos
  8 orcs
  6 bats
  3 giant cockroaches
  8 goblins
  10 hobgoblins
  3 jackals (D:1)
  3 quokkas
  3 giant newts
  10 kobolds
  3 rats (D:2)
82 creatures vanquished.

Notes
Turn   | Place    | Note
--------------------------------------------------------------
     0 | Abyss:1  | Ijustatesigmund the Demonspawn Abyssal Knight began the quest for the Orb.
     0 | Abyss:1  | Reached XP level 1. HP: 18/18 MP: 2/2
     6 | D:1      | Escaped the Abyss
   367 | D:1      | Gained mutation: You are partially covered in icy blue scales (AC +1). [demonic ancestry]
   367 | D:1      | Reached XP level 2. HP: 22/24 MP: 3/3
   508 | D:1      | Reached ** piety under Lugonu
   798 | D:2      | Gained mutation: You regenerate a little health from kills. [demonic ancestry]
   798 | D:2      | Reached XP level 3. HP: 24/29 MP: 4/4
  1212 | D:2      | Reached skill level 4 in Maces & Flails
  1212 | D:2      | Gained mutation: You are mostly covered in icy blue scales (AC +3, EV -1). [demonic ancestry]
  1212 | D:2      | Reached XP level 4. HP: 32/35 MP: 5/5
  1422 | D:2      | Found a snail-covered altar of Cheibriados.
  1585 | D:3      | Reached *** piety under Lugonu
  1590 | D:3      | Gained mutation: You sometimes gain a little power by taking damage. [demonic ancestry]
  1590 | D:3      | Reached XP level 5. HP: 41/41 MP: 7/7
  1828 | D:3      | Found a radiant altar of Vehumet.
  2022 | D:3      | Learned a level 1 spell: Summon Butterflies
  2113 | D:3      | Found a shattered altar of Ashenzari.
  2494 | D:4      | Reached skill level 1 in Summonings
  2555 | D:4      | Found a glowing silver altar of Zin.
  2622 | D:4      | Reached XP level 6. HP: 48/48 MP: 9/9
  2652 | D:4      | Found a sparkling altar of Nemelex Xobeh.
  2745 | D:4      | Found a blossoming altar of Fedhas.
  2921 | D:5      | Entered Level 5 of the Dungeon
  2930 | D:5      | Noticed PinkishYellow's ghost (novice SpEn)
  2975 | D:6      | Noticed a sky beast
  3005 | D:6      | Killed a sky beast
  3035 | D:6      | Gained mutation: You are resistant to electric shocks. [mutagenic meat]
  3106 | D:6      | Noticed a slave
  3106 | D:6      | Noticed a slave
  3108 | D:6      | Noticed a slave
  3117 | D:6      | Noticed Pikel
  3120 | D:6      | Noticed a slave
  3412 | D:7      | Slain by a killer bee

Vault maps used:
D:1:      nicolae_arrival_washed_ashore, serial_aquarium,
          aquarium_bridge_square, aquarium_bridge_island_small,
          aquarium_window_1, aquarium_window_fake, aquarium_window_2,
          aquarium_view_2e, corexii_item_surrounded_by_moat
D:2:      cheibriados_altar_1
D:3:      lemuel_doored_altar, nicolae_overflow_hidden_temple, first_bread,
          minmay_hedge_maze
D:4:      kennysheep_mini_moat, kennysheep_little_box, kennysheep_mini,
          minmay_small_thing
D:6:      nicolae_overflow_crystal_walls, serial_shops,
          nicolae_shop_statue_plus, uniq_pikel
D:7:      minmay_temple_entry_glassed_door

Action                   |  1- 3 |  4- 6 || total
-------------------------+-------+-------++-------
Melee: Mace              |   143 |   252 ||   395
Throw: Tomahawk          |       |     4 ||     4
 Cast: Summon Butterflie |       |     3 ||     3
Invok: Banish            |       |     1 ||     1
  Use: Scroll            |     4 |    10 ||    14
       Potion            |       |     5 ||     5
  Eat: Chunk             |     1 |     7 ||     8
       Fruit             |       |     2 ||     2
